 Dungeon Crawl Stone Soup version 0.19.1-1-g22dce08 (webtiles) character file.

7490 Angani the Grappler (level 10, -6/83 HPs)
             Began as a Purple Draconian Transmuter on Jan 3, 2017.
             Was a High Priest of Cheibriados.
             Mangled by an alligator simulacrum (33 damage)
             ... in an ice cave.
             The game lasted 00:50:30 (12604 turns).

Angani the Grappler (Purple Draconian Transmuter)  Turns: 12604, Time: 00:50:32

Health: -6/83      AC: 13    Str: 26    XL:     10   Next: 95%
Magic:  15/18      EV: 17    Int: 27    God:    Cheibriados [*****.]
Gold:   314        SH:  8    Dex: 25    Spells: 4 memorised, 13 levels left

rFire  + . .     SeeInvis .       - Unarmed
rCold  . . .     Gourm    .     (armour unavailable)
rNeg   . . .     Faith    .     g - +2 buckler
rPois  .         Spirit   .     (helmet restricted)
rElec  .         Reflect  .     L - +1 cloak
rCorr  .         Harm     .     E - +0 pair of gloves
MR     +....                    F - +2 pair of boots
Stlth  ++........               y - amulet of regeneration
                                (no ring)
                                (no ring)

@: appendage, very slow
A: breathe power, unfitting armour, horns 2, stinger 1, dopey 1, fire resistance
1, cold-blooded, AC +7
a: Breathe Dispelling Energy, End Transformation, Bend Time, Temporal
Distortion, Slouch, Step From Time, Renounce Religion


You were in an ice cave.
You worshipped Cheibriados.
Cheibriados was extremely pleased with you.
You were hungry.
You had grown temporary horns.
You visited 2 branches of the dungeon, and saw 12 of its levels.
You also visited: Ice Cave.

You collected 674 gold pieces.
You spent 360 gold pieces at shops.

Inventory:

Missiles
 a - 126 arrows (quivered)
Armour
 g - a +2 buckler (worn)
 E - a +0 pair of gloves (worn)
 F - a +2 pair of boots (worn)
 L - a +1 cloak (worn)
Jewellery
 j - a +2 amulet of reflection {unknown}
 y - an amulet of regeneration (around neck)
Wands
 t - a wand of heal wounds (1/9)
 v - a wand of lightning (4/15)
 w - a wand of confusion (26/48)
 B - a wand of acid (3/15)
 D - a wand of paralysis (11/24)
 G - a wand of teleportation (5/9)
 I - a wand of lightning (11/15)
 M - a wand of iceblast (6/15)
Scrolls
 e - a scroll of vulnerability
 i - 4 scrolls of enchant weapon
 m - a scroll of magic mapping
 q - a scroll of noise
 r - a scroll of amnesia
 s - 5 scrolls of remove curse
 x - 2 scrolls of recharging
 K - a scroll of torment
Potions
 d - 3 potions of brilliance
 f - a potion of might
 k - 3 potions of invisibility
 l - a potion of agility
 p - a potion of cure mutation
 C - 2 potions of heal wounds {unknown}
 J - a potion of beneficial mutation {unknown}
Books
 b - a book of Changes

   Spells                             Type                      Level
   a - Beastly Appendage              Transmutation                1
   b - Sticks to Snakes               Transmutation                2
   c - Spider Form                    Transmutation/Poison         3
   d - Ice Form                       Ice/Transmutation            4
   e - Blade Hands                    Transmutation                5
 A - Sif Muna's Almanac of Black Arts
   (You found it on level 7 of the Dungeon)

   Spells                             Type                      Level
   a - Animate Skeleton               Necromancy                   1
Comestibles
 c - 6 bread rations
 n - 7 meat rations
 o - 4 slices of pizza


   Skills:
 - Level 5.6 Fighting
 - Level 5.0 Dodging
 - Level 4.0 Shields
 - Level 10.0 Unarmed Combat
 + Level 5.7 Spellcasting
 - Level 5.1 Necromancy
 - Level 5.0 Transmutations
 - Level 5.0 Poison Magic
 - Level 5.2 Invocations


You had 13 spell levels left.
You knew the following spells:

 Your Spells              Type           Power        Failure   Level  Hunger
a - Beastly Appendage     Tmut           ####..       1%          1    None
b - Sticks to Snakes      Tmut           ####....     1%          2    None
c - Spider Form           Tmut/Pois      ####......   2%          3    None
d - Animate Skeleton      Necr           N/A          1%          1    None


Dungeon Overview and Level Annotations

Branches:
Dungeon (11/15)            Temple (1/1) D:4            Lair (0/6) D:11
    Orc (0/2) D:10

Altars:
Ashenzari
Cheibriados
Dithmenos
Fedhas
Gozag
Hepliaklqana
Kikubaaqudgha
Makhleb
Nemelex Xobeh
Okawaru
Qazlal
Ru
Sif Muna
Trog
Uskayaw
Vehumet
Xom
Yredelemnul
Zin
The Shining One

Shops:
D:9 *

Annotations:
D:3 Angani's ghost, amateur MfGl


Innate Abilities, Weirdness & Mutations

You can breathe bolts of dispelling energy.
Your rich purple scales are hard. (AC +7)
You cannot fit into any form of body armour.
You are cold-blooded and may be slowed by cold attacks.
You have a pair of horns on your head.
Your tail ends in a poisonous barb.
You are dopey. (Int -2)
Your flesh is heat resistant. (rF+)


Message History

The wolf simulacrum bites your ball python.
The wolf simulacrum freezes your ball python.
Your ball python seems to slow down.
Your ball python dies!
Your ball python bites the elephant simulacrum. x2
The alligator simulacrum misses you.
The alligator simulacrum tail-slaps you!
The alligator simulacrum freezes you!
* * * LOW HITPOINT WARNING * * *
Unknown command.
Evoke which item? (* to show all) (? for menu, Esc to quit)
Zapping:
t - a wand of heal wounds (2/9)
Press: ? - help, Shift-Dir - straight line, f - you You feel much better.
This wand has 1 charge left.
The wolf simulacrum completely misses your ball python.
Your ball python bites the elephant simulacrum.
You block the elephant simulacrum's attack.
The elephant simulacrum barely misses you.
The alligator simulacrum bites you. The alligator simulacrum freezes you!!
You die...

#####
##...##
##..∩..##
#...@...#
#.SZZZ..#
##.Z...##
##...##
#...#
##...
#...#
...##
..##


You could see a wolf simulacrum, an alligator simulacrum, an elephant
simulacrum, a swamp dragon simulacrum and a friendly ball python.

Vanquished Creatures
  An unseen horror (D:10)
  Joseph (D:9)
  A komodo dragon (D:10)
  The ghost of Kloppie the Slasher, an amateur DrBe of Trog (D:4)
  Sigmund (D:3)
  Grum (D:9)
  3 hungry ghosts
  A water moccasin (D:8)
  4 orc warriors
  2 sky beasts (D:10)
  2 ice beasts
  5 ogres
  4 centaurs
  2 wolves (D:9)
  4 bullfrogs
  A water moccasin zombie (D:11)
  3 scorpions
  5 killer bees (D:9)
  4 wights
  6 howler monkeys
  9 crimson imps
  A centaur zombie (D:6)
  6 orc priests
  2 bullfrog zombies
  6 hounds
  2 jellies
  10 orc wizards
  2 centaur skeletons
  A bullfrog skeleton (D:6)
  6 iguanas
  Natasha (twice) (D:2)
  9 worker ants
  A statue (D:7)
  A hound zombie (D:6)
  A hound skeleton (D:7)
  A worker ant zombie (D:7)
  7 gnolls
  10 adders
  3 shadow imps
  An adder zombie (D:7)
  An ooze (D:4)
  An adder skeleton (D:6)
  3 worms
  3 dart slugs
  4 leopard geckos
  28 orcs
  6 giant cockroaches
  8 hobgoblins
  10 jackals
  6 kobolds
  4 quokkas
  A ball python (D:4)
  8 bats
  5 frilled lizards
  9 goblins
  A quokka zombie (D:6)
  3 rats
234 creatures vanquished.

Vanquished Creatures (collateral kills)
  A hill giant (D:10)
  A two-headed ogre (D:10)
  A hippogriff (D:10)
  A human (D:10)
  Menkaure (D:5)
  An orc warrior (D:5)
  2 howler monkeys
  An orc priest (D:10)
  An orc wizard (D:5)
  4 orcs (D:10)
  3 jackals
  A ball python skeleton (D:4)
18 creatures vanquished.

Grand Total: 252 creatures vanquished

Notes
Turn   | Place    | Note
-------+----------+-------------------------------------------
     0 | D:1      | Angani the Draconian Transmuter began the quest for the Orb.
     0 | D:1      | Reached XP level 1. HP: 16/16 MP: 3/3
   156 | D:1      | Reached XP level 2. HP: 8/23 MP: 3/5
   898 | D:1      | Reached skill level 4 in Unarmed Combat
   952 | D:1      | You fall through a shaft!
  1066 | D:2      | Reached XP level 3. HP: 22/28 MP: 4/6
  1178 | D:2      | Noticed Natasha
  1190 | D:2      | Killed Natasha
  1190 | D:2      | Reached skill level 5 in Unarmed Combat
  1190 | D:2      | Reached XP level 4. HP: 14/35 MP: 7/7
  1345 | D:2      | Learned a level 2 spell: Sticks to Snakes
  1349 | D:2      | Learned a level 3 spell: Spider Form
  1569 | D:2      | Found a faded altar of an unknown god.
  1830 | D:2      | Noticed Natasha
  1840 | D:2      | Killed Natasha
  2311 | D:3      | Noticed Angani's ghost (amateur MfGl)
  2366 | D:2      | Noticed a centaur
  2378 | D:2      | Killed a centaur
  2378 | D:2      | Reached XP level 5. HP: 10/46 MP: 6/8
  2824 | D:3      | Noticed Sigmund
  2834 | D:3      | Killed Sigmund
  2834 | D:3      | Reached skill level 5 in Fighting
  2834 | D:3      | Reached XP level 6. HP: 52/57 MP: 5/9
  3193 | D:3      | Found a hazy altar of Hepliaklqana.
  3193 | D:3      | Found an opulent altar of Gozag.
  3293 | D:4      | Noticed Kloppie's ghost (amateur DrBe)
  3333 | D:4      | Killed Kloppie's ghost
  3333 | D:4      | Your scales start taking on a rich purple colour.
  3333 | D:4      | Reached XP level 7. HP: 4/62 MP: 5/13
  4107 | D:4      | Found a staircase to the Ecumenical Temple.
  4116 | Temple   | Entered the Ecumenical Temple
  4186 | Temple   | Became a worshipper of Cheibriados the Contemplative
  4331 | D:4      | Reached skill level 5 in Spellcasting
  4337 | D:4      | Found an iron altar of Okawaru.
  4487 | D:4      | Reached skill level 1 in Shields
  4835 | D:5      | Entered Level 5 of the Dungeon
  5458 | D:5      | Noticed Menkaure
  5468 | D:5      | Killed Menkaure
  5556 | D:5      | Reached * piety under Cheibriados
  5795 | D:5      | Reached XP level 8. HP: 48/70 MP: 15/15
  6175 | D:5      | Reached skill level 5 in Transmutations
  6371 | D:5      | Reached skill level 1 in Poison Magic
  7712 | D:6      | Reached ** piety under Cheibriados
  7726 | D:6      | Reached skill level 5 in Poison Magic
  7863 | D:6      | Found a shattered altar of Ashenzari.
  8398 | D:7      | Reached XP level 9. HP: 67/75 MP: 14/16
  8649 | D:7      | Found a deep blue altar of Sif Muna.
  8828 | D:7      | Reached *** piety under Cheibriados
  8897 | D:7      | Reached skill level 5 in Dodging
  8914 | D:7      | Found a radiant altar of Vehumet.
  9031 | D:7      | Found a faded altar of an unknown god.
  9031 | D:7      | Found an ancient bone altar of Kikubaaqudgha.
  9036 | D:7      | Found a faded altar of an unknown god.
  9042 | D:7      | Found a faded altar of an unknown god.
  9044 | D:7      | Found a faded altar of an unknown god.
  9455 | D:8      | Reached skill level 6 in Unarmed Combat
  9525 | D:7      | Identified Sif Muna's Almanac of Black Arts
  9531 | D:7      | Learned a level 1 spell: Animate Skeleton
  9648 | D:8      | Reached skill level 1 in Necromancy
  9893 | D:8      | Reached **** piety under Cheibriados
 10316 | D:9      | Noticed Joseph
 10445 | D:9      | Reached skill level 5 in Necromancy
 10619 | D:9      | Noticed Grum
 10634 | D:9      | Reached skill level 7 in Unarmed Combat
 10638 | D:9      | Killed Grum
 10638 | D:9      | Reached XP level 10. HP: 65/83 MP: 17/17
 10659 | D:9      | Found Ygiucim's Assorted Antiques.
 10666 | D:9      | Killed Joseph
 10690 | D:9      | Bought a scroll labeled DAGONU ROGISH for 22 gold pieces
 10690 | D:9      | Bought a glowing cloak for 231 gold pieces
 10690 | D:9      | Bought a worn glass wand for 88 gold pieces
 10690 | D:9      | Bought a golden potion for 19 gold pieces
 10961 | D:9      | Reached skill level 8 in Unarmed Combat
 11015 | D:10     | Entered Level 10 of the Dungeon
 11173 | D:10     | Noticed a hill giant
 11183 | D:10     | Killed a hill giant
 11254 | D:10     | Reached skill level 9 in Unarmed Combat
 11266 | D:10     | Gained mutation: Your magical capacity is low. (-10% MP) [mutagenic meat]
 11267 | D:10     | Lost mutation: Your magical capacity is low. (-10% MP) [mutagenic meat]
 11268 | D:10     | Gained mutation: Your magical capacity is low. (-10% MP) [mutagenic meat]
 11269 | D:10     | Gained mutation: You passively map a small area around you. [mutagenic meat]
 11269 | D:10     | Lost mutation: Your magical capacity is low. (-10% MP) [potion of cure mutation]
 11269 | D:10     | Lost mutation: You passively map a small area around you. [potion of cure mutation]
 11354 | D:10     | Reached ***** piety under Cheibriados
 11407 | D:10     | Reached skill level 10 in Unarmed Combat
 11497 | D:10     | Reached skill level 1 in Invocations
 11852 | D:10     | Killed an unseen horror
 11876 | D:10     | Reached skill level 5 in Invocations
 11938 | D:10     | Gained mutation: You are dopey. (Int -2) [potion of mutation]
 11938 | D:10     | Gained mutation: Your flesh is heat resistant. (rF+) [potion of mutation]
 11938 | D:10     | Gained mutation: Your tail ends in a poisonous barb. [potion of mutation]
 11949 | D:10     | Found a staircase to the Orcish Mines.
 12395 | D:11     | Noticed a cyclops
 12569 | D:11     | Found a frozen archway.
 12595 | IceCv    | Entered an ice cave
 12604 | IceCv    | Mangled by an alligator simulacrum

Skill      XL: |  1  2  3  4  5  6  7  8  9 10 |
---------------+-------------------------------+-----
Unarmed Combat | 4 5 7 10 | 10.0
Fighting       | 4 5 |  5.6
Spellcasting   | 4 5 |  5.7
Shields        | 4 |  4.0
Transmutations | 3 5 |  5.0
Poison Magic   | 5 |  5.0
Dodging        | 3 5 |  5.0
Necromancy     | 5 |  5.1
Invocations    | 5 |  5.2

Action                   |  1- 3 |  4- 6 |  7- 9 | 10-12 || total
-------------------------+-------+-------+-------+-------++-------
Melee: Unarmed           |   103 |   106 |   625 |   165 ||   999
       Kick              |     4 |     7 |   106 |       ||   117
       Headbutt          |     7 |     4 |    68 |    44 ||   123
       Tailslap          |     5 |     9 |   104 |    34 ||   152
       Punch             |       |       |     9 |       ||     9
 Cast: Beastly Appendage |     4 |     6 |    62 |    20 ||    92
       Sticks to Snakes  |       |     4 |    36 |    26 ||    66
       Spider Form       |       |       |     3 |     1 ||     4
       Animate Skeleton  |       |       |     6 |    10 ||    16
Invok: Slouch            |       |       |     1 |     1 ||     2
Evoke: Wand              |       |       |     7 |     8 ||    15
  Use: Potion            |       |     2 |     2 |     2 ||     6
       Scroll            |       |       |    21 |     7 ||    28
 Stab: Sleeping          |     1 |       |       |     2 ||     3
       Distracted        |       |       |     3 |     4 ||     7
  Eat: Chunk             |     1 |     6 |    17 |     7 ||    31
       Pizza             |       |       |     1 |       ||     1
       Royal jelly       |       |       |       |     1 ||     1
Armor: Skin              |    38 |    25 |   129 |   128 ||   320
Dodge: Dodged            |    62 |    63 |   352 |   119 ||   596
Block: Buckler           |       |       |   119 |    75 ||   194
